AoeStats
← Green Assassin

Hill Fort

505547832Analyzed
4v4 RM · 21d ago on Sep 9, 2026· 81m 29s· 8 players
Game mode
Random Map
Map size
Large (8 player)
Population
200
Speed
Normal
Resources
Standard
Victory
Conquest
Starting age
Dark Age
Ending age
Imperial Age
RankedLock teamsTeams togetherTeam positionsShared explorationLock speedFull tech treeHidden civsTurbo modeCheats
Victory
Defeat
🇧🇷 Bohemians · Brazil
1244
+14
🇺🇸 Chinese · United States
1238
+15
🇧🇷 Maya · Brazil
1202
+16
🇩🇪 Burgundians · Germany
1177
+17
🇨🇴 Saracens · Colombia
1230
-17
🇺🇸 Franks · United States
1213
-16
🇲🇽 Teutons · Mexico
1201
-15
🇨🇴 Byzantines · Colombia
1177
-14
JANGEL4107
0:28 Loom
13:37 Feudal Age
14:57 Wheelbarrow
15:01 Horse Collar
20:26 Castle Age
19:24 Gold Mining
19:26 Stone Mining
19:23 Double-Bit Axe
21:28 Hand Cart
21:36 Heavy Plow
21:50 Bow Saw
22:56 Gold Shaft Mining
30:11 Fervor
30:43 Scale Barding Armor
30:48 Forging
30:29 Fletching
35:23 Imperial Age
36:49 Bloodlines
36:39 Husbandry
36:21 Elite Mameluke
37:16 Thumb Ring
38:38 Ballistics
38:29 Fortified Wall
39:21 Chemistry
38:16 Murder Holes
38:33 Masonry
38:48 Chain Barding Armor
39:03 Iron Casting
39:36 Hoardings
39:37 Parthian Tactics
39:34 Fortified Wall
41:59 Light Cavalry
44:12 Plate Barding Armor
44:38 Blast Furnace
43:33 Bodkin Arrow
43:39 Padded Archer Armor
56:24 Bracer
56:39 Leather Archer Armor
60:37 Elite Skirmisher
62:05 Ring Archer Armor
78:49 Bimaristan
Bensun
10:40 Feudal Age
14:55 Castle Age
13:07 Double-Bit Axe
16:10 Bow Saw
22:57 Wheelbarrow
24:53 Scale Barding Armor
25:21 Gold Mining
26:35 Hand Cart
30:18 Imperial Age
27:58 Husbandry
29:45 Chain Barding Armor
29:37 Forging
31:46 Plate Barding Armor
30:32 Cavalier
32:42 Gold Shaft Mining
31:59 Stone Mining
31:59 Loom
31:56 Paladin
39:10 Caravan
39:34 Siege Engineers
39:40 Masonry
42:56 Conscription
46:54 Murder Holes
47:30 Architecture
48:27 Chemistry
46:59 Light Cavalry
70:13 Iron Casting
73:09 Hoardings
80:48 Blast Furnace
master
10:08 Feudal Age
12:11 Wheelbarrow
15:46 Castle Age
13:38 Loom
13:56 Double-Bit Axe
14:46 Horse Collar
16:08 Scale Barding Armor
16:14 Forging
17:30 Chain Barding Armor
20:10 Forging
19:51 Fletching
20:19 Town Watch
22:40 Bloodlines
27:31 Bow Saw
29:28 Gold Mining
31:16 Hand Cart
34:55 Imperial Age
33:21 Iron Casting
33:02 Bodkin Arrow
34:59 Cavalier
36:15 Plate Barding Armor
37:30 Blast Furnace
37:04 Devotion
38:40 Two-Man Saw
38:18 Caravan
38:40 Stone Mining
39:09 Heavy Plow
39:39 Paladin
45:16 Fervor
47:31 Crenellations
47:32 Conscription
62:38 Crop Rotation
65:23 Hoardings
69:28 Coinage
70:47 Banking
Teodoro
12:10 Feudal Age
10:27 Loom
16:28 Castle Age
14:59 Double-Bit Axe
18:27 Wheelbarrow
18:43 Bow Saw
18:58 Horse Collar
21:45 Loom
22:38 Stone Mining
22:38 Gold Mining
23:27 Elite Skirmisher
26:08 Elite Skirmisher
27:22 Pikeman
28:13 Thumb Ring
28:36 Man-at-Arms
29:02 Gambesons
30:36 Squires
31:29 Fervor
31:42 Sanctity
32:20 Fletching
32:30 Scale Mail Armor
32:41 Forging
33:14 Bodkin Arrow
33:20 Padded Archer Armor
36:59 Imperial Age
34:45 Hand Cart
35:59 Iron Casting
35:39 Chain Mail Armor
36:11 Leather Archer Armor
36:30 Fortified Wall
37:28 Sanctity
37:20 Redemption
38:05 Block Printing
38:27 Conscription
38:59 Bracer
39:05 Scale Barding Armor
39:48 Illumination
40:53 Chemistry
39:50 Murder Holes
40:57 Ring Archer Armor
40:57 Ballistics
40:18 Treadmill Crane
42:26 Chain Barding Armor
42:36 Plate Mail Armor
42:14 Arrowslits
43:17 Hoardings
43:01 Logistica
46:09 Two-Man Saw
45:35 Caravan
46:21 Elite Cataphract
50:54 Plate Barding Armor
53:31 Long Swordsman
55:35 Hoardings
62:11 Arson
62:44 Two-Handed Swordsman
64:59 Halberdier
Lorenzo de' Medici
0:27 Loom
12:59 Feudal Age
17:51 Castle Age
16:15 Double-Bit Axe
16:10 Horse Collar
17:09 Gold Mining
18:31 Wheelbarrow
18:54 Bow Saw
23:20 Fletching
24:01 Heavy Plow
24:59 Padded Archer Armor
26:01 Gold Shaft Mining
26:57 Bodkin Arrow
26:59 Stone Mining
29:01 Leather Archer Armor
29:47 Hand Cart
33:30 Imperial Age
31:51 Ballistics
33:46 Masonry
33:44 Thumb Ring
35:18 Two-Man Saw
34:52 Bracer
35:53 Chemistry
35:44 Ring Archer Armor
35:37 Conscription
36:08 Pikeman
36:38 Elite Chu Ko Nu
37:53 Scale Mail Armor
38:03 Forging
38:00 Squires
39:28 Chain Mail Armor
38:35 Halberdier
39:02 Arson
39:54 Architecture
40:16 Rocketry
40:23 Stone Mining
41:29 Plate Mail Armor
41:35 Iron Casting
40:45 Capped Ram
43:10 Siege Ram
45:16 Blast Furnace
46:53 Sanctity
46:29 Herbal Medicine
58:08 Coinage
58:09 Man-at-Arms
59:15 Scale Barding Armor
58:51 Long Swordsman
59:40 Two-Handed Swordsman
61:00 Chain Barding Armor
61:29 Caravan
61:05 Champion
64:52 Banking
65:32 Plate Barding Armor
65:26 Light Cavalry
66:07 Husbandry
66:51 Bloodlines
Green Assassin
0:31 Loom
4:37 Double-Bit Axe
7:09 Horse Collar
11:09 Feudal Age
11:56 Wheelbarrow
18:42 Castle Age
17:15 Bow Saw
17:20 Heavy Plow
20:46 Squires
20:39 Cavalier
21:22 Husbandry
21:31 Scale Barding Armor
21:36 Forging
21:29 Scale Mail Armor
27:53 Stone Mining
27:54 Gold Mining
28:28 Chain Barding Armor
28:51 Iron Casting
28:34 Chain Mail Armor
29:30 Arson
31:40 Pikeman
35:36 Burgundian Vineyards
41:51 Ballistics
44:15 Imperial Age
42:15 Padded Archer Armor
43:45 Leather Archer Armor
46:01 Chemistry
44:46 Halberdier
46:26 Plate Mail Armor
46:57 Blast Furnace
56:54 Hand Cart
57:59 Conscription
58:19 Light Cavalry
59:10 Hussar
60:35 Plate Barding Armor
66:47 Caravan
80:23 Crop Rotation
Fs. Ô FOKA
0:29 Loom
9:59 Feudal Age
14:38 Castle Age
12:49 Double-Bit Axe
14:41 Horse Collar
16:27 Bow Saw
17:41 Fervor
20:28 Town Watch
22:58 Heavy Plow
24:18 Wheelbarrow
23:35 Stone Mining
27:08 Gold Mining
27:22 Fletching
30:24 Imperial Age
28:10 Hand Cart
29:00 Stone Shaft Mining
28:36 Hul'che Javelineers
29:18 Town Patrol
31:18 Elite Plumed Archer
32:20 Conscription
33:31 Two-Man Saw
32:58 Bodkin Arrow
33:03 Padded Archer Armor
33:16 Forging
33:06 Scale Mail Armor
33:36 Ballistics
34:17 Chemistry
35:11 Hoardings
34:47 Bracer
35:02 Leather Archer Armor
34:52 Eagle Warrior
35:17 Arson
35:33 Squires
36:34 Iron Casting
36:14 Chain Mail Armor
36:31 Holcans
37:32 Thumb Ring
38:15 Masonry
37:45 Treadmill Crane
38:03 Murder Holes
37:34 Crossbowman
39:22 Pikeman
40:20 Halberdier
45:14 Plate Mail Armor
45:45 Blast Furnace
49:24 Crop Rotation
52:46 Ring Archer Armor
53:14 Elite Eagle Warrior
54:08 Sappers
54:03 Arbalester
54:03 Elite Skirmisher
55:22 Caravan
55:53 Coinage
55:33 Guilds
56:27 Architecture
cortes.av
10:58 Feudal Age
14:14 Loom
16:42 Castle Age
14:57 Double-Bit Axe
15:20 Horse Collar
16:43 Padded Archer Armor
18:34 Wheelbarrow
20:05 Chemistry
21:56 Bow Saw
22:06 Leather Archer Armor
23:39 Heavy Plow
31:47 Hand Cart
38:29 Imperial Age
40:13 Ring Archer Armor
46:32 Fletching
48:22 Two-Man Saw
47:40 Masonry
47:51 Ballistics
47:13 Treadmill Crane
48:17 Town Watch
48:34 Bodkin Arrow
49:13 Architecture
49:04 Bombard Tower
49:30 Guard Tower
49:28 Arrowslits
49:39 Murder Holes
54:57 Bracer
57:26 Scale Barding Armor
57:32 Forging
57:39 Light Cavalry
58:20 Husbandry
59:09 Chain Barding Armor
59:32 Iron Casting
62:35 Blast Furnace
78:40 Caravan
79:11 Coinage
78:55 Guilds
82:37 Banking
Connection lost

Rejoining the realm…

Still unreachable

The connection could not be restored.

Session expired

The server has moved on; the page needs a fresh start.